 Dungeon Crawl Stone Soup version 0.25.1-2-g60ff931df9 (webtiles) character file.

Game seed: 14537810269480607192

1168 tempo the Thaumaturge (level 8, -2/44 HPs)
             Began as a Deep Elf Wizard on Sept 27, 2020.
             Was a Believer of Vehumet.
             Slain by Harold
             ... wielding a +3 short sword of flaming
              (10 damage)
             ... on level 7 of the Dungeon.
             The game lasted 00:16:24 (7808 turns).

tempo the Thaumaturge (Deep Elf Wizard)             Turns: 7808, Time: 00:16:25

Health: -2/44      AC:  6    Str:  4    XL:     8   Next: 17%
Magic:  1/22       EV: 11    Int: 26    God:    Vehumet [**....]
Gold:   169        SH:  0    Dex: 13    Spells: 11/24 levels left

rFire    . . .     SeeInvis .   t - +0 whip (freeze)
rCold    . . .     Gourm    .   (no shield)
rNeg     . . .     Faith    .   a - +1 leather armour {MR+}
rPois    .         Spirit   .   b - +0 hat
rElec    .         Reflect  .   m - +1 cloak
rCorr    .         Harm     .   (no gloves)
MR       +....                  (no boots)
Stlth    +++.......             (no amulet)
HPRegen  0.14/turn              p - ring of stealth
MPRegen  0.18/turn              y - ring of wizardry

@: marked
A: no striking features
a: Renounce Religion


You were on level 7 of the Dungeon.
You worshipped Vehumet.
Vehumet was pleased with you.
You were not hungry.

You visited 1 branch of the dungeon, and saw 7 of its levels.

You collected 169 gold pieces.

Inventory:

Hand Weapons
 t - a +0 whip of freezing (weapon)
Armour
 a - a +1 leather armour of magic resistance (worn)
 b - a +0 hat (worn)
 m - a +1 cloak (worn)
Jewellery
 p - a ring of stealth (left hand)
 y - a ring of wizardry (right hand)
 A - an uncursed ring of wizardry
Scrolls
 e - 4 scrolls of enchant weapon {unknown}
 g - 2 scrolls of magic mapping {unknown}
 i - 2 scrolls of noise {unknown}
 n - 4 scrolls of remove curse {unknown}
 q - 2 scrolls of identify {unknown}
 s - 3 scrolls of fear {unknown}
 u - a scroll of random uselessness {unknown}
 x - 2 scrolls of teleportation {unknown}
 z - 2 scrolls of amnesia {unknown}
 C - a scroll of blinking {unknown}
 D - a scroll of acquirement {unknown}
Potions
 c - a potion of degeneration {unknown}
 f - a potion of invisibility {unknown}
 h - a potion of might {unknown}
 j - a potion of curing
 k - a potion of lignification {unknown}
 l - a potion of brilliance {unknown}
 o - a potion of heal wounds {unknown}
 r - a potion of mutation {unknown}
 v - 2 potions of resistance {unknown}
 w - a potion of haste {unknown}
Comestibles
 d - 6 rations


   Skills:
 - Level 2.0 Fighting
 + Level 2.1 Armour
 - Level 2.4 Dodging
 - Level 2.4 Stealth
 * Level 8.7 Spellcasting
 * Level 6.0 Conjurations
 - Level 1.1 Summonings
 - Level 1.1 Translocations
 + Level 3.4 Fire Magic
 - Level 1.0 Air Magic
 - Level 1.0 Poison Magic


You had 11 spell levels left.
You knew the following spells:

 Your Spells              Type           Power        Failure   Level  Hunger
a - Magic Dart            Conj           ####         1%          1    None
b - Mephitic Cloud        Conj/Pois/Air  ####....     3%          3    None
c - Call Imp              Summ           ###.....     3%          2    None
d - Blink                 Tloc           N/A          3%          2    None
e - Conjure Flame         Conj/Fire      #####...     1%          3    None
f - Foxfire               Conj/Fire      ####         1%          1    None
g - Apportation           Tloc           ###...       2%          1    None

Your spell library contained the following spells:

 Spells                   Type           Power        Failure   Level  Hunger
 Shock                    Conj/Air       ####         1%          1    None
 Summon Small Mammal      Summ           ###.         2%          1    None
 Animate Skeleton         Necr           N/A          3%          1    None
 Corona                   Hex            ##.....      3%          1    None
 Slow                     Hex            ##......     6%          2    None
 Irradiate                Conj/Tmut      ####......   28%         5    ####...
 Hydra Form               Tmut           ##........   99%         6    ######.
 Statue Form              Tmut/Erth      ##.......    99%         6    ######.
 Dragon Form              Tmut           ##........   100%        7    #######


Dungeon Overview and Level Annotations

Branches:
Dungeon (7/15)             Temple (0/1) D:4

Altars:
Fedhas
Nemelex Xobeh
Okawaru
Uskayaw
Vehumet
Xom
Zin

Annotations:
D:7 Harold


Message History

That beam is likely to hit you.
Continue anyway?
The ball explodes into a vile cloud!
The stinking cloud engulfs Harold but does no damage.
Harold is almost dead.
The stinking cloud engulfs you but does no damage.
You are engulfed in noxious fumes.
* * * LOW HITPOINT WARNING * * *
Harold is engulfed in noxious fumes.
Harold appears confused.
Harold laughs at nothing.
Unknown command.
Harold is engulfed in noxious fumes.
Harold says, "Why is everything spinning?"
You hit Harold but do no damage.
Harold is almost dead.
Harold is engulfed in noxious fumes.
You hit Harold. You freeze Harold.
Harold is almost dead.
Harold is engulfed in noxious fumes.
Harold appears confused.
Harold hits you with a +3 short sword of flaming!
You die...

### ..#
#.# #.#
#.#
####.####
#.......#
#.##.##@#
#.##@# #
#.##.#
#.##.##ยง#
#......<#
####.####
#.# ##.#
#..#


You could see Harold (confused).

Vanquished Creatures
  A necrophage (D:7)
  2 ogres (D:6)
  A centaur (D:6)
  2 big kobolds
  2 crimson imps
  A hound (D:6)
  2 orc priests (D:7)
  A gnoll shaman (D:5)
  A centaur skeleton (D:6)
  Crazy Yiuf (D:5)
  A bullfrog skeleton (D:6)
  An iguana (D:5)
  2 orc wizards (D:7)
  2 worker ants (D:7)
  11 adders
  7 gnolls
  A shadow imp (D:5)
  4 oozes
  4 worms
  9 leopard geckos
  11 orcs
  3 ball pythons
  2 giant cockroaches
  8 goblins
  3 hobgoblins
  2 jackals (D:4)
  2 quokkas
  3 bats
  5 frilled lizards
  17 kobolds
  3 leopard gecko skeletons
  8 rats
  A plant (D:6)
124 creatures vanquished.

Vanquished Creatures (collateral kills)
  A gnoll (D:2)
  A hobgoblin (D:2)
2 creatures vanquished.

Vanquished Creatures (others)
  78 foxfires
78 creatures vanquished.

Grand Total: 204 creatures vanquished

Notes
Turn   | Place    | Note
-------+----------+-------------------------------------------
     0 | D:1      | tempo the Deep Elf Wizard began the quest for the Orb.
     0 | D:1      | Reached XP level 1. HP: 10/10 MP: 7/7
   153 | D:1      | Reached XP level 2. HP: 16/16 MP: 3/9
   506 | D:1      | Reached skill level 5 in Spellcasting
   842 | D:1      | Reached XP level 3. HP: 20/20 MP: 7/11
   847 | D:1      | Learned a level 3 spell: Mephitic Cloud
   850 | D:1      | Learned a level 2 spell: Call Imp
   853 | D:1      | Learned a level 2 spell: Blink
   857 | D:1      | Learned a level 3 spell: Conjure Flame
  1332 | D:2      | Reached skill level 1 in Fighting
  1332 | D:2      | Reached skill level 1 in Armour
  1602 | D:2      | Reached XP level 4. HP: 25/25 MP: 5/13
  1679 | D:2      | Found a radiant altar of Vehumet.
  1689 | D:2      | Became a worshipper of Vehumet
  2048 | D:2      | Found a shimmering altar of Xom.
  2240 | D:3      | Reached skill level 1 in Fire Magic
  2475 | D:3      | Reached XP level 5. HP: 29/29 MP: 9/15
  2667 | D:3      | Reached skill level 1 in Air Magic
  3283 | D:4      | Found a staircase to the Ecumenical Temple.
  3296 | D:4      | Reached skill level 6 in Spellcasting
  3810 | D:4      | Found a glowing silver altar of Zin.
  4226 | D:5      | Entered Level 5 of the Dungeon
  4475 | D:5      | Found a blossoming altar of Fedhas.
  4544 | D:5      | Reached skill level 1 in Poison Magic
  4576 | D:5      | Reached * piety under Vehumet
  4576 | D:5      | Offered knowledge of Foxfire by Vehumet.
  4581 | D:4      | Learned a level 1 spell: Foxfire
  4780 | D:5      | Found a runed translucent door.
  4781 | D:5      | Noticed Crazy Yiuf
  4802 | D:5      | Killed Crazy Yiuf
  4802 | D:5      | Reached XP level 6. HP: 17/34 MP: 4/17
  5419 | D:6      | Found a hide-covered altar of Uskayaw.
  5458 | D:6      | Reached skill level 7 in Spellcasting
  5628 | D:6      | Reached XP level 7. HP: 33/40 MP: 12/19
  5687 | D:6      | Found a sparkling altar of Nemelex Xobeh.
  5834 | D:6      | Learned a level 1 spell: Apportation
  5981 | D:6      | Reached skill level 5 in Conjurations
  6764 | D:7      | Reached skill level 8 in Spellcasting
  6862 | D:7      | Reached XP level 8. HP: 34/44 MP: 7/22
  6997 | D:7      | Reached ** piety under Vehumet
  7004 | D:7      | Found an iron altar of Okawaru.
  7009 | D:7      | Offered knowledge of Shock by Vehumet.
  7036 | D:7      | Noticed Harold
  7808 | D:7      | Slain by Harold

Illustrated notes

Levels and vault maps discovered:
D:1:      lightli_arrival_maybe_door_vault, layout_basic
D:2:      layout_basic, vehumet_crystals, lemuel_doored_altar
D:3:      layout_basic
D:4:      layout_basic, zin_scriptorium, minmay_temple_entry_junction,
          first_ration
D:5:      layout_loops_cross, fedhas_altar_2, uniq_crazy_yiuf_cottage
D:6:      layout_gridville, kennysheep_mini, eat_drink_and_be_merry_uskayaw,
          lexackson_kobold_supper
D:7:      cheibrodos_iron_armory, layout_loops_cross,
          nicolae_overflow_crystal_walls, okawaru_gym_becter, uniq_harold

Skill      XL: |  1  2  3  4  5  6  7  8 |
---------------+-------------------------+-----
Spellcasting   | 5 6 7 8 |  8.7
Fighting       | 1 2 |  2.0
Armour         | 1 2 |  2.1
Conjurations   | 2 3 4 5 6 |  6.0
Fire Magic     | 1 2 3 |  3.4
Air Magic      | 1 |  1.0
Poison Magic   | 1 |  1.0
Dodging        | |  2.4
Stealth        | |  2.4
Summonings     | |  1.1
Translocations | |  1.1

Action                   |  1- 3 |  4- 6 |  7- 9 || total
-------------------------+-------+-------+-------++-------
Melee: Unarmed           |    36 |     2 |       ||    38
       Whip              |       |    28 |    55 ||    83
 Cast: Magic Dart        |    70 |   162 |    46 ||   278
       Mephitic Cloud    |     1 |    12 |    15 ||    28
       Conjure Flame     |     1 |     2 |    14 ||    17
       Call Imp          |     1 |       |     9 ||    10
       Foxfire           |       |     9 |    34 ||    43
       Blink             |       |       |     4 ||     4
       Apportation       |       |       |     1 ||     1
 Stab: Confused          |       |     6 |     2 ||     8
  Eat: Chunk             |     2 |    12 |     5 ||    19
       Ration            |       |       |     1 ||     1
Armor: Robe              |    17 |       |       ||    17
       Leather armour    |       |     4 |    11 ||    15
Dodge: Dodged            |    36 |    19 |    29 ||    84
